 Dungeon Crawl Stone Soup version 0.28.0 (webtiles) character file.

Game seed: 6799778618206172945

49 pkoi the Slasher (level 3, -2/31 HPs)
             Began as a Minotaur Gladiator on Feb 16, 2022.
             Was an Initiate of Gozag.
             Slain by a gnoll (7 damage)
             ... on level 2 of the Dungeon.
             The game lasted 00:01:38 (2511 turns).

pkoi the Slasher (Minotaur Gladiator)               Turns: 2511, Time: 00:01:38

Health: -2/31      AC:  8    Str: 20    XL:     3   Next: 51%
Magic:  2/2        EV:  8    Int:  5    God:    Gozag
Gold:   63         SH:  0    Dex: 11    Spells: 2/2 levels left

rFire   . . .      SeeInvis .   a - +0 long sword
rCold   . . .      Faith    .   (no shield)
rNeg    . . .      Spirit   .   l - +0 chain mail
rPois   .          Reflect  .   c - +0 hat
rElec   .          Harm     .   (no cloak)
rCorr   .          Rampage  .   (no gloves)
Will    .....                   (no boots)
Stlth   ..........              (no amulet)
HPRegen 0.10/turn               (no ring)
MPRegen 0.08/turn               (no ring)

@: no status effects
A: horns 2, retaliatory headbutt
a: Renounce Religion, Potion Petition, Call Merchant, Bribe Branch


You were on level 2 of the Dungeon.
You worshipped Gozag.
Gozag was noncommittal.
You visited 1 branch of the dungeon, and saw 2 of its levels.

You collected 75 gold pieces.
You paid 12 gold pieces to Gozag.

Inventory:

Hand Weapons
 a - a +0 long sword (weapon)
Missiles
 d - 3 throwing nets (quivered)
Armour
 b - a +0 leather armour
 c - a +0 hat (worn)
 l - a +0 chain mail (worn)
Scrolls
 f - a scroll of enchant armour {unknown}
 g - a scroll of identify {unknown}
 h - a scroll of teleportation {unknown}
 i - a scroll of fog {unknown}
 n - a scroll of fear {unknown}
Potions
 e - 2 potions of resistance {unknown}
 j - a potion of flight {unknown}
 k - 2 potions of curing {unknown}
 m - a potion of might {unknown}
 o - a potion of attraction {unknown}
 p - a potion of brilliance {unknown}


   Skills:
 + Level 3.3 Fighting
 * Level 5.0 Long Blades
 - Level 2.0 Throwing
 - Level 3.2 Dodging


You had 2 spell levels left.
You didn't know any spells.
Your spell library contained the following spells:

 Spells                   Type           Power      Damage    Failure   Level
 Tukima's Dance           Hex            0%         N/A       100%        3
 Passage of Golubria      Tloc           0%         N/A       100%        4
 Yara's Violent Unravell  Hex/Tmut       0%         3d3       100%        5


Dungeon Overview and Level Annotations

Branches:
Dungeon (2/15)

Altars:
Gozag


Innate Abilities, Weirdness & Mutations

You have a pair of horns on your head.
You reflexively headbutt those who attack you in melee.


Message History

You start resting.
You start resting.
HP restored.
You start waiting.
Done waiting.
You climb downwards.
There is a stone staircase leading up here.
The gnoll hits you with a +0 halberd.
You hit the gnoll.
The gnoll is lightly wounded.
The gnoll hits you with a +0 halberd.
* * * LOW HITPOINT WARNING * * *
You hit the gnoll but do no damage. Your headbutt misses the gnoll.
The gnoll is lightly wounded.
The gnoll hits you with a +0 halberd.
* * * LOW HITPOINT WARNING * * *
You closely miss the gnoll.
The gnoll is lightly wounded.
The gnoll hits you with a +0 halberd.
* * * LOW HITPOINT WARNING * * *
You hit the gnoll but do no damage.
The gnoll is lightly wounded.
The gnoll barely misses you.
You hit the gnoll.
The gnoll is heavily wounded.
The gnoll barely misses you. x2; You furiously retaliate!
You headbutt the gnoll, but do no damage.
You hit the gnoll but do no damage.
The gnoll is heavily wounded.
The gnoll hits you with a +0 halberd.
* * * LOW HITPOINT WARNING * * *
You closely miss the gnoll.
The gnoll is heavily wounded.
The gnoll hits you with a +0 halberd!
* * * LOW HITPOINT WARNING * * *
You hit the gnoll.
The gnoll is severely wounded.
The gnoll hits you with a +0 halberd!
You die...
Your body crumbles into a pile of gold.

#.##.#.# #..#####.
#......# #.....##.
####.### ##.##.##. #w#
### #....... #.## ###.###
###....... #..#
#.....###......##. ##.#
##.....##.....##... #.#
#<..............<..
#.######@....##.....##...
#....# #.g...###....#####
####.# ###.######...##
#.# #............# #.#
#.####..#....# #.#
#.####..#....# #.#
#............#### ##.##
#.##.#..####.#...
#...###.##.#.......#.##


You could see a gnoll.

Vanquished Creatures
  A hound skeleton (D:2)
  A worm (D:2)
  A dart slug (D:2)
  4 bats
  6 endoplasms
  A giant cockroach (D:2)
  3 goblins
  A hobgoblin (D:1)
  5 kobolds
  2 ball pythons (D:1)
  4 frilled lizards
  A rat (D:1)
30 creatures vanquished.

Notes
Turn   | Place    | Note
-------+----------+-------------------------------------------
     0 | D:1      | pkoi the Minotaur Gladiator began the quest for the Orb.
     0 | D:1      | Reached XP level 1. HP: 18/18 MP: 0/0
   355 | D:1      | Reached skill level 4 in Long Blades
   620 | D:1      | Reached XP level 2. HP: 25/25 MP: 1/1
  1332 | D:2      | Reached XP level 3. HP: 22/31 MP: 2/2
  1610 | D:2      | Reached skill level 5 in Long Blades
  1722 | D:2      | Found an opulent altar of Gozag.
  1766 | D:2      | Became a worshipper of Gozag Ym Sagoz the Greedy
  1842 | D:2      | Identified the +3 chain mail "Tyamiel" {Harm Rampage rC-
                  | Dex+4}
  2511 | D:2      | Slain by a gnoll

Illustrated notes

Levels and vault maps discovered:
D:1:      saegor_arrival_simple_e, layout_basic
D:2:      layout_loops_cross, basic_altar, kennysheep_generic_room_3

Skill      XL: |  1  2  3 |
---------------+----------+-----
Long Blades    | 4 5 |  5.0
Fighting       | 3 |  3.3
Throwing       | |  2.0
Dodging        | |  3.2

Action                   || total
-------------------------++-------
Melee: Long sword        ||    85
       Punch             ||     1
       Headbutt          ||     7
Armor: Leather armour    ||     3
       Chain mail        ||    34
Dodge: Dodged            ||    28
